 Dungeon Crawl Stone Soup version 0.30-a0-140-gd1020e658a (webtiles) character file.

Game seed: 15479618902670851378

94 jlumianski the Chopper (level 4, 0/27 HPs)
             Began as a Gargoyle Gladiator on Sept 24, 2022.
             Slain by a gnoll
             ... wielding a +0 spear
              (2 damage)
             ... on level 2 of the Dungeon.
             The game lasted 00:08:23 (2290 turns).

jlumianski the Chopper (Gargoyle Gladiator)         Turns: 2290, Time: 00:08:23

Health: 0/27       AC: 10    Str: 19    XL:     4   Next: 63%
Magic:  4/4        EV: 10    Int:  9    God:
Gold:   73         SH:  0    Dex: 11    Spells: 3/3 levels left

rFire   . . .      SeeInvis +    s - +0 battleaxe
rCold   . . .      Faith    .    (shield currently unavailable)
rNeg    + + .      Spirit   .    f - +0 scale mail
rPois   ∞          Reflect  .    c - +0 helmet
rElec   +          Harm     .    (no cloak)
rCorr   .          Rampage  .    (no gloves)
Will    .....                    (no boots)
Stlth   ..........               (no amulet)
HPRegen 0.09/turn                u - ring of see invisible
MPRegen 0.09/turn                j - ring of positive energy

@: no status effects
A: sickness immunity, AC +3, negative energy resistance 1, electricity
resistance, torment resistance 1, petrification resistance
a: no special abilities


You were on level 2 of the Dungeon.
You visited 1 branch of the dungeon, and saw 4 of its levels.

You collected 73 gold pieces.

Inventory:

Hand Weapons
 a - a +0 war axe
 q - the +10 dagger of Terror {vorpal, rElec rN+++ Int+3 Dex-2}
   (You found it on level 4 of the Dungeon)

   It inflicts extra damage upon your enemies.
   Int:       It affects your intelligence (+3).
   Dex:       It affects your dexterity (-2).
   rElec:     It insulates you from electricity.
   rN:        It renders you almost immune to negative energy.
 s - a +0 battleaxe (weapon)
Missiles
 d - 3 throwing nets
 e - 6 javelins
 o - 5 poisoned darts (quivered)
Armour
 b - a +0 leather armour
 c - a +0 helmet (worn)
 f - a +0 scale mail (worn)
Jewellery
 j - a ring of positive energy (right hand)
 u - a ring of see invisible (left hand)
Scrolls
 g - a scroll of blinking {unknown}
 k - 2 scrolls of poison {unknown}
 l - 3 scrolls of identify {unknown}
 m - a scroll of torment {unknown}
 p - a scroll of acquirement {unknown}
 t - a scroll of teleportation {unknown}
Potions
 h - a potion of resistance {unknown}
 i - a potion of brilliance {unknown}
 n - 2 potions of curing {unknown}
 r - a potion of heal wounds {unknown}


   Skills:
 + Level 2.7 Fighting
 + Level 3.8 Axes
 + Level 2.0 Throwing
 + Level 1.0 Armour
 + Level 3.0 Dodging


You had 3 spell levels left.
You didn't know any spells.
Your spell library contained the following spells:

 Spells                   Type           Power      Damage    Failure   Level
 Animate Armour           Summ/Erth      0%         N/A       100%        4
 Blade Hands              Tmut           0%         N/A       100%        5
 Iron Shot                Conj/Erth      0%         9d1       100%        6


Dungeon Overview and Level Annotations

Branches:
Dungeon (4/15)
 Temple: D:4-7

Altars:

Shops:
D:2 [


Innate Abilities, Weirdness & Mutations

You are immune to sickness and miasma.
Your stone body is resilient. (AC +3)
You are immune to poison.
You resist negative energy. (rN+)
You are resistant to electric shocks. (rElec)
You are resistant to unholy torment.
You are immune to petrification.


Message History

You kill the ball python!
The ball python bites you but does no damage.
The ball python closely misses you.
You barely miss the ball python.
The ball python bites you but does no damage.
The ball python closely misses you.
The ball python bites you but does no damage.
The ball python grabs you. The ball python constricts you.
You closely miss the ball python. The ball python bites you.
The ball python constricts you. The ball python barely misses you.
The ball python constricts you.
You slash the ball python!
You kill the ball python!
The gnoll barely misses you.
You hit the gnoll.
The gnoll is lightly wounded.
The gnoll hits you but does no damage. The gnoll barely misses you.
You barely miss the gnoll.
The gnoll is lightly wounded.
The gnoll hits you with a +0 whip.
The gnoll hits you but does no damage. x2
The gnoll hits you with a +0 whip.
You slice the gnoll!!
You kill the gnoll!
The gnoll hits you from afar with a +0 spear.
The gnoll hits you but does no damage.
Things that are here:
a +0 whip; a scroll labelled NAG YVUCOAL; a ball python corpse You closely miss the gnoll.
The gnoll hits you but does no damage. x2
You barely miss the gnoll. The gnoll hits you with a +0 spear.
The gnoll hits you but does no damage.
You barely miss the gnoll. The gnoll hits you with a +0 spear!
* * * LOW HITPOINT WARNING * * *
You closely miss the gnoll. The gnoll hits you with a +0 spear.
* * * LOW HITPOINT WARNING * * *
The gnoll hits you but does no damage.
You closely miss the gnoll. The gnoll hits you with a +0 spear.
* * * LOW HITPOINT WARNING * * *
Okay, then.
You closely miss the gnoll. The gnoll hits you with a +0 spear.
You die...

#... #...# ....#####.
### #..g##.......
#.......
...###...##.......
#......†
#......g##......
#.......
#.......##.....
#.......
#.......##...#
#.......
#.......##...#
#.......
#.......##†..########
#.......
#........)..†.g@....#
#.......
##......###########.#
#....... #......# #.#
#######. ######## #.#
#. #.# #.
#.###########.
#.............
##############


You could see a gnoll.

Vanquished Creatures
  A gnoll (D:2)
  2 adders
  2 worms (D:1)
  A dart slug (D:2)
  6 bats
  9 endoplasms
  3 hobgoblins
  3 jackals (D:1)
  A quokka (D:1)
  8 ball pythons
  9 goblins
  4 kobolds (D:1)
  5 rats (D:1)
54 creatures vanquished.

Vanquished Creatures (others)
  4 plants (D:1)
4 creatures vanquished.

Grand Total: 58 creatures vanquished

Notes
Turn   | Place    | Note
-------+----------+-------------------------------------------
     0 | D:1      | jlumianski the Gargoyle Gladiator began the quest for the
                  | Orb.
     0 | D:1      | Reached XP level 1. HP: 12/12 MP: 1/1
   164 | D:1      | Found a faded altar of an unknown god.
   169 | D:1      | Reached XP level 2. HP: 8/17 MP: 2/2
   500 | D:1      | Upgraded the game from 0.30-a0-137-gd8773701ce to
                  | 0.30-a0-140-gd1020e658a
   855 | D:1      | Reached XP level 3. HP: 22/22 MP: 3/3
  1333 | D:2      | Found Tusmeen's Antique Armour Boutique.
  1668 | D:1      | Reached XP level 4. HP: 14/27 MP: 4/4
  1931 | D:4      | Identified the +10 dagger of Terror {vorpal, rElec rN+++
                  | Int+3 Dex-2}
  2082 | D:2      | Reached skill level 1 in Armour
  2290 | D:2      | Slain by a gnoll

Illustrated notes

Levels and vault maps discovered:
D:1:      elethiomel_arrival_infinity_welcomes_careful_drivers, layout_basic,
          basic_ecumenical_altar, serial_forest, infiniplex_forest_split,
          infiniplex_forest_end_2, infiniplex_forest_straight_1,
          infiniplex_forest_pool, infiniplex_forest_corner_1,
          infiniplex_forest_end_1, infiniplex_forest_lined_room_2,
          wad_woods_river_04
D:2:      layout_basic, serial_shops,
          nicolae_shop_temple_entry_statues_fountains,
          kennysheep_generic_room_12
D:3:      layout_loops_ring, chequers_temple_overflow_statue_of_worship,
          serial_rivers, chequers_serial_rivers_room_b,
          chequers_serial_rivers_large_a, chequers_serial_rivers_small_3,
          chequers_serial_rivers_small_3, dreamdust_princess_corridor
D:4:      layout_loops_ring, grunt_decor_one_mirror, minivault_5,
          uniq_crazy_yiuf_cottage, uniq_blork_the_orc

Skill      XL: |  1  2  3  4 |
---------------+-------------+-----
Axes           | 3 |  3.8
Throwing       | 2 |  2.0
Dodging        | 3 |  3.0
Armour         | 1 |  1.0
Fighting       | |  2.7

Action                   |  1- 3 |  4- 6 || total
-------------------------+-------+-------++-------
Melee: War axe           |   107 |    22 ||   129
       Punch             |     1 |       ||     1
       Battleaxe         |       |    24 ||    24
Armor: Leather armour    |     9 |       ||     9
       Scale mail        |    54 |    31 ||    85
Dodge: Dodged            |    75 |    40 ||   115

Table legend: (Time is in decaauts)
 A = Elapsed time spent in this place.
 B = Non-inter-level travel time spent in this place.
 C = Inter-level travel time spent in this place.
 D = Time resting spent in this place.
 E = Time spent auto-exploring this place.
 F = Levels seen in this place.
 G = Mean time per level.
                   A        B        C        D        E       F      G
               +--------+--------+--------+--------+--------+-----+--------+
         Total |   2358 |   2358 |      0 |    688 |    751 |   4 |  589.5 |
       Dungeon |   2358 |   2358 |      0 |    688 |    751 |   4 |  589.5 |
               +--------+--------+--------+--------+--------+-----+--------+

Top non-repeatable levels by time:
     D:1: 1871 daAuts
     D:2: 352 daAuts
     D:3: 92 daAuts
     D:4: 42 daAuts
